 Dungeon Crawl Stone Soup version 0.24.0-1-gfbc8707 (webtiles) character file.

Game seed: 2813698705351565147, levelgen mode: deterministic

28851 Illumine the Cleaver (level 13, -9/117 HPs)
             Began as a Minotaur Fighter on Oct 27, 2019.
             Was the Champion of Cheibriados.
             Mangled by an eight-headed hydra (12 damage)
             ... on level 5 of the Lair of Beasts on Oct 28, 2019.
             The game lasted 00:23:34 (12408 turns).

Illumine the Cleaver (Minotaur Fighter)            Turns: 12408, Time: 00:23:35

Health: -9/117     AC: 14    Str: 39    XL:     13   Next: 12%
Magic:  17/17      EV: 19    Int: 20    God:    Cheibriados [******]
Gold:   960        SH:  0    Dex: 27    Spells: 12/12 levels left

rFire    . . .     SeeInvis .   x - +2 dire flail
rCold    + . .     Gourm    .   (shield currently unavailable)
rNeg     . . .     Faith    .   M - +1 chain mail of the King of the Hill {rC+} (curse)
rPois    +         Spirit   .   G - +0 hat
rElec    .         Reflect  .   b - +0 cloak
rCorr    .         Harm     .   (no gloves)
MR       +....                  (no boots)
Stlth    ..........             (no amulet)
HPRegen  0.29/turn              D - ring of protection from magic
MPRegen  0.15/turn              l - ring of poison resistance

@: frozen, very slow
A: retaliatory headbutt, horns 2
a: Bend Time, Temporal Distortion, Slouch, Step From Time, Renounce Religion


You were on level 5 of the Lair of Beasts.
You worshipped Cheibriados.
Cheibriados was exalted by your worship.
You were not hungry.

You visited 4 branches of the dungeon, and saw 18 of its levels.

You collected 973 gold pieces.
You spent 13 gold pieces at shops.

Inventory:

Hand Weapons
 u - a +9 battleaxe of electrocution
 x - a +2 dire flail (weapon)
 Q - a +4 arbalest
Missiles
 y - 33 bolts
Armour
 b - a +0 cloak (worn)
 G - a +0 hat (worn)
 M - the cursed +1 chain mail of the King of the Hill (worn) {rC+}
   (You found it on level 11 of the Dungeon)

   It protects you from cold.
   It has a curse placed upon it.
Jewellery
 h - an uncursed ring of positive energy
 l - a ring of poison resistance (right hand)
 B - a +5 ring of dexterity
 D - a ring of protection from magic (left hand)
 K - an uncursed ring of protection from fire
 N - an uncursed ring of ice
Wands
 k - a wand of iceblast (22)
 p - a wand of flame (58)
 C - a wand of digging (7)
 O - a wand of paralysis (11)
Scrolls
 e - 7 scrolls of remove curse
 g - a scroll of enchant weapon
 n - a scroll of blinking
 o - 10 scrolls of teleportation
 q - 6 scrolls of amnesia
 t - 4 scrolls of magic mapping
 v - 3 scrolls of immolation
 w - 2 scrolls of fear
 E - a scroll of random uselessness
 I - 4 scrolls of identify
 P - a scroll of torment {unknown}
Potions
 a - 2 potions of resistance
 c - a potion of lignification
 d - 6 potions of might
 i - 6 potions of flight
 j - 7 potions of heal wounds
 m - 10 potions of curing
 r - 2 potions of cancellation
 s - 2 potions of mutation
 z - 3 potions of agility
 F - 2 potions of ambrosia
 H - a potion of invisibility
 J - 2 potions of brilliance {unknown}
Miscellaneous
 A - a fan of gales
 L - a lightning rod (4/4)
Comestibles
 f - 25 rations


   Skills:
 + Level 11.9 Fighting
 + Level 14.7 Axes
 + Level 3.0 Crossbows
 + Level 11.9 Armour
 + Level 9.5 Dodging
   Level 5.8 Shields
 + Level 7.8 Invocations


You had 12 spell levels left.
You didn't know any spells.
Your spell library contained the following spells:

 Spells                   Type           Power        Failure   Level  Hunger
 Animate Skeleton         Necr           N/A          45%         1    ##.....
 Beastly Appendage        Tmut           #.....       45%         1    ##.....
 Infusion                 Chrm           #...         45%         1    ##.....
 Pain                     Necr           #...         45%         1    ##.....
 Shroud of Golubria       Chrm/Tloc      #.....       61%         2    ###....
 Song of Slaying          Chrm           #.......     61%         2    ###....
 Sticks to Snakes         Tmut           #.......     61%         2    ###....
 Regeneration             Chrm/Necr      #.........   83%         3    ####...
 Spectral Weapon          Hex/Chrm       #.......     83%         3    ####...
 Spider Form              Tmut/Pois      #.........   83%         3    ####...
 Vampiric Draining        Necr           #.........   83%         3    ####...
 Animate Dead             Necr           N/A          99%         4    #####..
 Ice Form                 Ice/Tmut       #.......     99%         4    #####..
 Blade Hands              Tmut           #.........   100%        5    ######.


Dungeon Overview and Level Annotations

Branches:
Dungeon (11/15)            Temple (1/1) D:6            Lair (5/6) D:11
  Swamp (0/4) Lair:2        Snake (1/4) Lair:2          Orc (0/2) D:10
  Slime: Lair:5-6

Altars:
Ashenzari
Cheibriados
Dithmenos
Elyvilon
Fedhas
Gozag
Hepliaklqana
Kikubaaqudgha
Makhleb
Nemelex Xobeh
Okawaru
Qazlal
Ru
Sif Muna
Trog
Uskayaw
Vehumet
Wu Jian
Xom
Yredelemnul
Zin
The Shining One
Jiyva

Shops:
D:8 !

Annotations:
D:4 3 runed translucent doors, Eeriemist's ghost, novice GnWz
D:7 2 runed translucent doors, edsrzf's ghost, novice OgGl
Lair:3 3 runed translucent doors, Ruicvywi's ghost, journeyman OgTm


Innate Abilities, Weirdness & Mutations

You reflexively headbutt those who attack you in melee.
You have a pair of horns on your head.


Message History

The eight-headed hydra is almost dead.
The rime drake breathes ice at you. The flash freeze hits you!
You partially resist.
* * * LOW HITPOINT WARNING * * *
You are encased in ice.
Unknown command.
You hit the eight-headed hydra.
The eight-headed hydra is almost dead.
The eight-headed hydra bites you but does no damage.
The eight-headed hydra completely misses you.
The eight-headed hydra bites you.
* * * LOW HITPOINT WARNING * * *
The eight-headed hydra bites you but does no damage.
The eight-headed hydra bites you.
* * * LOW HITPOINT WARNING * * *
The eight-headed hydra bites you!
* * * LOW HITPOINT WARNING * * *
The eight-headed hydra completely misses you.
The eight-headed hydra bites you!
You die...

#P # ## # #. #. ##
#P.####### #
#.....PP.##### #
#.....k†...#P# ### ##
#....lD@†....####.## #.
#####k##......#.##.####.


ll. #..............>. #...k #.....#.P#.#..#.# #...D #.#..P######.#### #..l.
#.##### ### #..$. ### #.... You could see an eight-headed hydra, 2 rime drakes
and 3 wyverns.

Vanquished Creatures
  Gastronok (D:10)
  Josephine (Lair:4)
  A hydra (Lair:3)
  Erica (Lair:1)
  A two-headed ogre (D:10)
  An unseen horror (D:11)
  An ugly thing (D:11)
  2 manticores
  An elephant (D:11)
  A guardian serpent (Lair:2)
  6 spiny frogs
  8 rime drakes
  2 komodo dragons (Lair:2)
  2 trolls
  12 hippogriffs
  11 blink frogs
  A spriggan (D:7)
  6 wraiths
  11 wyverns
  4 fire bats (Lair:4)
  10 yaks (Lair:5)
  A fire elemental (Lair:4)
  4 basilisks
  8 water moccasins
  4 orc warriors
  7 porcupines
  A black bear (D:10)
  6 sky beasts
  5 ice beasts
  2 necrophages
  3 ogres
  An eye of draining (D:10)
  3 centaurs
  6 crocodiles
  4 big kobolds
  9 bullfrogs
  Blork the orc (D:6)
  A wyvern zombie (D:11)
  2 scorpions
  5 wights (D:7)
  13 killer bees
  A howler monkey (D:8)
  An electric eel (D:6)
  5 crimson imps
  2 bullfrog zombies
  A centaur zombie (D:8)
  6 hounds
  2 quasits (D:11)
  A centaur skeleton (D:9)
  4 jellies
  7 orc priests
  Crazy Yiuf (D:4)
  A bullfrog skeleton (D:6)
  Jessica (D:2)
  7 iguanas
  Ijyb (D:3)
  7 orc wizards
  5 worker ants
  7 hell rats (Lair:2)
  A killer bee zombie (D:6)
  2 howler monkey zombies
  Robin (D:2)
  10 adders
  11 river rats (Lair:2)
  A shadow imp (D:8)
  An adder zombie (D:8)
  A worm (D:2)
  2 dart slugs
  12 leopard geckos
  25 orcs
  5 bats
  3 giant cockroaches
  18 goblins
  7 hobgoblins
  10 jackals
  24 kobolds
  10 quokkas
  A ball python (D:1)
  9 frilled lizards
  A leopard gecko zombie (D:5)
  A quokka skeleton (D:6)
  21 rats
  2 plants
409 creatures vanquished.

Notes
Turn   | Place    | Note
-------+----------+-------------------------------------------
     0 | D:1      | Illumine the Minotaur Fighter began the quest for the Orb.
     0 | D:1      | Reached XP level 1. HP: 19/19 MP: 0/0
    49 | D:1      | Reached XP level 2. HP: 24/27 MP: 1/1
    90 | D:1      | Reached skill level 3 in Axes
   388 | D:2      | Noticed Jessica
   394 | D:2      | Killed Jessica
   394 | D:2      | Reached XP level 3. HP: 33/33 MP: 2/2
   583 | D:2      | Noticed Robin
   601 | D:2      | Reached XP level 4. HP: 40/40 MP: 3/3
   607 | D:2      | Killed Robin
   631 | D:2      | Reached skill level 4 in Axes
  1193 | D:3      | Reached XP level 5. HP: 22/47 MP: 4/4
  1365 | D:3      | Noticed Ijyb
  1382 | D:3      | Killed Ijyb
  1990 | D:4      | Found a runed translucent gate.
  1990 | D:4      | Found a runed translucent gate.
  1990 | D:4      | Found a runed translucent gate.
  1991 | D:4      | Noticed Eeriemist's ghost (novice GnWz)
  2026 | D:4      | Reached skill level 5 in Axes
  2382 | D:4      | Found a runed translucent door.
  2383 | D:4      | Noticed Crazy Yiuf
  2396 | D:4      | Killed Crazy Yiuf
  2396 | D:4      | Reached XP level 6. HP: 15/55 MP: 5/5
  2830 | D:5      | Entered Level 5 of the Dungeon
  2831 | D:5      | Found a blossoming altar of Fedhas.
  2850 | D:5      | Reached skill level 5 in Fighting
  2850 | D:5      | Reached skill level 5 in Armour
  2873 | D:5      | Reached skill level 5 in Shields
  2993 | D:5      | Reached skill level 6 in Axes
  3008 | D:5      | Reached XP level 7. HP: 43/61 MP: 6/6
  3085 | D:5      | Found a white marble altar of Elyvilon.
  3085 | D:5      | Found an ornate altar of the Wu Jian Council.
  3448 | D:6      | Reached skill level 7 in Axes
  3450 | D:6      | Found a staircase to the Ecumenical Temple.
  3469 | Temple   | Entered the Ecumenical Temple
  3691 | Temple   | Became a worshipper of Cheibriados the Contemplative
  3747 | D:6      | Noticed Blork the orc
  3754 | D:6      | Killed Blork the orc
  3923 | D:6      | Reached XP level 8. HP: 66/70 MP: 7/7
  4031 | D:6      | Noticed a manticore
  4037 | D:6      | Reached skill level 1 in Dodging
  4038 | D:6      | Killed a manticore
  4038 | D:6      | Reached skill level 8 in Axes
  4349 | D:6      | Reached skill level 9 in Axes
  4633 | D:6      | Reached * piety under Cheibriados
  4900 | D:6      | Reached XP level 9. HP: 79/79 MP: 8/8
  5218 | D:7      | Reached skill level 1 in Invocations
  5221 | D:7      | Reached ** piety under Cheibriados
  5222 | D:7      | Reached skill level 10 in Axes
  5546 | D:7      | Found a large runed translucent door.
  5546 | D:7      | Found a large runed translucent door.
  5665 | D:7      | Noticed edsrzf's ghost (novice OgGl)
  5830 | D:8      | Found a burning altar of Makhleb.
  6121 | D:8      | Reached *** piety under Cheibriados
  6125 | D:8      | Reached skill level 5 in Dodging
  6125 | D:8      | Reached XP level 10. HP: 89/90 MP: 9/11
  6485 | D:8      | Found Joided's Distillery.
  6491 | D:8      | Bought a potion of degeneration for 13 gold pieces
  6918 | D:9      | Reached **** piety under Cheibriados
  7072 | D:9      | Reached skill level 11 in Axes
  7331 | D:10     | Entered Level 10 of the Dungeon
  7470 | D:10     | Noticed a two-headed ogre
  7475 | D:10     | Killed a two-headed ogre
  7523 | D:10     | Noticed Gastronok
  7541 | D:10     | Killed Gastronok
  7541 | D:10     | Reached XP level 11. HP: 67/99 MP: 13/13
  7542 | D:10     | Reached skill level 12 in Axes
  7680 | D:10     | Reached skill level 5 in Invocations
  8018 | D:10     | Found a staircase to the Orcish Mines.
  8091 | D:11     | Noticed a green ugly thing
  8097 | D:11     | Reached ***** piety under Cheibriados
  8101 | D:11     | Killed a green ugly thing
  8348 | D:11     | Reached skill level 10 in Fighting
  8450 | D:11     | Got a faintly humming chain mail
  8451 | D:11     | Identified the cursed +1 chain mail of the King of the Hill
                  | {rC+} (You found it on level 11 of the Dungeon)
  8570 | D:11     | Killed an unseen horror
  8570 | D:11     | Reached skill level 10 in Armour
  8715 | D:11     | Found a staircase to the Lair.
  8734 | Lair:1   | Entered Level 1 of the Lair of Beasts
  8767 | Lair:1   | Noticed Erica
  8785 | Lair:1   | Killed Erica
  8785 | Lair:1   | Reached skill level 13 in Axes
  9361 | Lair:2   | Found a staircase to the Swamp.
  9512 | Lair:2   | Reached XP level 12. HP: 37/108 MP: 15/15
  9785 | Lair:2   | Found a staircase to the Snake Pit.
  9912 | Lair:2   | Reached ****** piety under Cheibriados
 10438 | Snake:1  | Entered Level 1 of the Snake Pit
 10605 | Lair:3   | Reached skill level 14 in Axes
 10707 | Lair:3   | Found a runed translucent gate.
 10707 | Lair:3   | Found a runed translucent gate.
 10737 | Lair:3   | Found a runed translucent gate.
 10740 | Lair:3   | Found a viscous altar of Jiyva.
 10740 | Lair:3   | Noticed a death ooze
 10740 | Lair:3   | Noticed Ruicvywi's ghost (journeyman OgTm)
 10836 | Lair:3   | Noticed an eight-headed hydra
 10845 | Lair:3   | Killed an eight-headed hydra
 11221 | Lair:4   | Noticed Josephine
 11228 | Lair:4   | Killed Josephine
 11942 | Lair:5   | Reached skill level 1 in Crossbows
 12384 | Lair:5   | Reached XP level 13. HP: 106/117 MP: 17/17
 12408 | Lair:5   | HP: 3/117 [eight-headed hydra (10)]
 12408 | Lair:5   | Mangled by an eight-headed hydra

Levels and vault maps discovered:
D:1:      roderic_dead_forest, layout_basic
D:2:      layout_basic, first_ration, uniq_jessica, uniq_robin
D:3:      layout_loops_cross, uniq_ijyb
D:4:      layout_loops_ring, ebering_ghost_rock_garden, uniq_crazy_yiuf_cottage
D:5:      layout_rooms, fedhas_bush_and_centaur_altar,
          grunt_temple_overflow_open, minmay_lizard_king
D:6:      layout_basic, minmay_temple_entry_ruins, kennysheep_cross_room,
          uniq_blork_the_orc
D:7:      layout_layer_cave, ebering_ghost_disaster_area, the_bakery
D:8:      layout_loops_ring, lemuel_coloured_pillars_altar, serial_shops,
          shop_statue, nzn_random_ring
D:9:      layout_roguey, nicolae_straight_to_the_point
D:10:     layout_roguey, orc_0_dummy, uniq_gastronok
D:11:     layout_roguey, david_lair_generic
Temple:   dpeg_five_rooms_temple
Lair:1:   layout_cave_shapes, uniq_erica
Lair:2:   lemuel_ratsnest, layout_chaotic_city, swamp_mist,
          minmay_snake_entry_spellcaster
Lair:3:   layout_regular_city, gammafunk_ghost_ooze, grunt_megastairs_2
Lair:4:   layout_gridlike, uniq_josephine
Lair:5:   layout_gridlike, special_room [special_room_mythical_zoo],
          grunt_megastairs_5
Snake:1:  layout_layer_cave, gammafunk_ghost_necromancy, lemuel_fruit_tree

Skill      XL: |  1  2  3  4  5  6  7  8  9 10 11 12 13 |
---------------+----------------------------------------+-----
Axes           | 3 4 5 6 7 9 10 11 13 14 | 14.7
Fighting       | 4 5 6 7 8 9 10 11 | 11.9
Armour         | 4 5 6 7 8 9 10 11 | 11.9
Shields        | 4 5 |  5.8
Dodging        | 3 5 6 8 9 |  9.5
Invocations    | 3 4 6 7 |  7.8
Crossbows      | 2 3 |  3.0

Action                   |  1- 3 |  4- 6 |  7- 9 | 10-12 | 13-15 || total
-------------------------+-------+-------+-------+-------+-------++-------
Melee: War axe           |    54 |   182 |    67 |       |       ||   303
       Headbutt          |    10 |    37 |    38 |    79 |     7 ||   171
       Battleaxe         |       |       |   120 |   332 |    12 ||   464
       Dire flail        |       |       |       |     5 |     5 ||    10
 Fire: Arbalest          |       |       |       |     1 |       ||     1
Invok: Bend Time         |       |       |       |     1 |       ||     1
       Slouch            |       |       |       |     1 |       ||     1
Evoke: Wand              |       |       |     6 |     1 |       ||     7
  Use: Scroll            |       |       |    12 |    11 |       ||    23
       Potion            |       |       |       |       |     1 ||     1
  Eat: Chunk             |       |     7 |     7 |     6 |       ||    20
       Ration            |       |       |       |     2 |       ||     2
Armor: Scale mail        |    20 |    70 |       |       |       ||    90
       Chain mail        |       |    23 |    87 |    66 |    22 ||   198
       Plate armour      |       |       |    20 |    70 |       ||    90
Dodge: Dodged            |    21 |    54 |    90 |   248 |    52 ||   465
Block: Shield            |    32 |    86 |    28 |       |       ||   146
